 Dungeon Crawl Stone Soup version 0.24-a0-487-g57318f2ed0 (webtiles) character file.

Game seed: 771396261495443625

401 Mithandil the Conjurer (level 6, 0/32 HPs)
             Began as a Deep Elf Conjurer on July 10, 2019.
             Slain by a bullfrog (6 damage)
             ... on level 6 of the Dungeon on July 11, 2019.
             The game lasted 00:30:56 (4242 turns).

Mithandil the Conjurer (Deep Elf Conjurer)          Turns: 4242, Time: 00:30:56

Health: 0/32       AC:  3    Str:  6    XL:     6   Next: 54%
Magic:  16/16      EV: 13    Int: 21    God:
Gold:   144        SH:  0    Dex: 15    Spells: 5/16 levels left

rFire    . . .     SeeInvis .   a - +0 dagger
rCold    . . .     Gourm    .   (no shield)
rNeg     . . .     Faith    .   e - +0 leather armour
rPois    .         Spirit   .   (no helmet)
rElec    .         Reflect  .   (no cloak)
rCorr    .         Harm     .   (no gloves)
MR       .....                  (no boots)
Stlth    ++........             d - amulet of the acrobat
HPRegen  0.10/turn              (no ring)
MPRegen  0.15/turn              (no ring)

@: no status effects
A: no striking features
a: no special abilities


You were on level 6 of the Dungeon.
You were not hungry.

You visited 1 branch of the dungeon, and saw 6 of its levels.

You collected 144 gold pieces.

Inventory:

Hand Weapons
 a - a +0 dagger (weapon)
 u - a +0 quarterstaff
Missiles
 h - 40 arrows
 k - 111 stones (quivered)
Armour
 e - a +0 leather armour (worn)
 p - a +0 ring mail
Jewellery
 d - an amulet of the acrobat (around neck)
 q - an uncursed ring of see invisible {unknown}
 r - a cursed ring of attention {unknown}
 t - a cursed ring of teleportation {unknown}
Wands
 b - a wand of paralysis (6)
Scrolls
 f - 3 scrolls of amnesia
 g - 2 scrolls of teleportation
 w - a scroll of immolation {unknown}
 y - a scroll of noise {unknown}
 A - a scroll of enchant weapon {unknown}
Potions
 i - 2 potions of lignification {unknown}
 j - a potion of degeneration {unknown}
 l - a potion of mutation {unknown}
 m - a potion of might {unknown}
 n - 2 potions of agility {unknown}
 o - a potion of magic {unknown}
 v - 2 potions of curing {unknown}
 x - a potion of flight {unknown}
 z - a potion of haste {unknown}
Comestibles
 c - 8 rations


   Skills:
 + Level 4.0 Dodging
 + Level 4.2 Stealth
 * Level 5.7 Spellcasting
 * Level 6.1 Conjurations
 + Level 1.4 Translocations


You had 5 spell levels left.
You knew the following spells:

 Your Spells              Type           Power        Failure   Level  Hunger
a - Magic Dart            Conj           ####         1%          1    None
b - Searing Ray           Conj           ####..       1%          2    None
c - Force Lance           Conj/Tloc      ###.....     32%         4    ####...
d - Iskenderun's Mystic   Conj           ####....     13%         4    ####...

Your spell library contained the following spells:

 Spells                   Type           Power        Failure   Level  Hunger
 Dazzling Spray           Conj/Hex       ###...       13%         3    ##.....
 Fulminant Prism          Conj/Hex       ###.......   41%         4    ####...


Dungeon Overview and Level Annotations

Branches:
Dungeon (6/15)             Temple (0/1) D:6

Altars:
Gozag
Nemelex Xobeh

Portals:
Sewer: D:6

Annotations:
D:3 exclusion: downstairs, Grinder
D:4 Blork the orc, Dowan, Duvessa, Sigmund


Message History

The crimson imp blinks!
The crimson imp blinks!
The crimson imp blinks!
The hound skeleton completely misses you.
The adder hisses angrily.
The crimson imp blinks!
The hound skeleton completely misses you.
Found a stone staircase leading up.
The hound skeleton completely misses you.
The bullfrog completely misses you.
The hound skeleton completely misses you.
The bullfrog hits you but does no damage.
Found 13 stones.
The bullfrog completely misses you.
The bullfrog snags a nearby moth with its tongue.
The bullfrog misses you.
There is a stone staircase leading up here.
The hound skeleton bites you but does no damage.
The bullfrog hits you.
You die...

######+#.#≈≈≈#..# *,*,,,* *
*.#.#≈≈≈#..#****,***,**** *
*...#≈∩≈#..+,,**,,,,,,,,****
***
#...#≈≈s#.5####..,,,,,,,**,,
,,*
#.#.#≈≈S#........,,,,*,,**,*
,,*
#.#.##+##...###.#,,,,,,,**,*
,,** *,#..s....O.#
*,*,*,,,,,**,* ,,,*
*,#.##.#..FO# *,*,***,,,**,,
*,,*
*,#.*#.#..Z@#**+*,,,,,,,***,
*,,*
*,*,*#.##........#*********,
,,,*
*,*,**,*#..........,,,,,,,,,
**,*
*,*,**,............,,*******
,,,*
*,*,**###........##*,*,,,,,,
,,,* *,*,,,,,.........#
*,*,***** ,,,*
*,*,,,*###....(..# *,*,*
,,,* *,*,,,,,,........#
*,*,* ,,,*
*,*,,,,,,,,,,,,,,* *,*,*


You could see 2 ogres, a bullfrog, a scorpion, a crimson imp, an adder, a giant
cockroach and a hound skeleton.

Vanquished Creatures
  A phantom (D:5)
  A crimson imp (D:3)
  Natasha (twice) (D:3)
  A hound skeleton (D:4)
  4 gnolls (D:3)
  8 adders
  An ooze (D:3)
  A worm (D:2)
  3 dart slugs
  5 leopard geckos
  4 orcs
  7 giant cockroaches
  10 hobgoblins
  6 jackals (D:2)
  A quokka (D:4)
  10 bats
  2 frilled lizards
  11 goblins
  3 kobolds
  10 rats
91 creatures vanquished.

Notes
Turn   | Place    | Note
-------+----------+-------------------------------------------
     0 | D:1      | Mithandil the Deep Elf Conjurer began the quest for the
                  | Orb.
     0 | D:1      | Reached XP level 1. HP: 10/10 MP: 6/6
   176 | D:1      | Reached XP level 2. HP: 15/15 MP: 6/8
   180 | D:1      | Learned a level 2 spell: Searing Ray
  1026 | D:1      | Found a sparkling altar of Nemelex Xobeh.
  1349 | D:2      | Reached XP level 3. HP: 19/19 MP: 8/10
  1517 | D:2      | Reached skill level 5 in Conjurations
  1635 | D:2      | Reached XP level 4. HP: 17/24 MP: 4/12
  1641 | D:2      | Learned a level 4 spell: Force Lance
  1646 | D:2      | Learned a level 4 spell: Iskenderun's Mystic Blast
  1722 | D:2      | You fall into a shaft and drop 1 floor!
  2498 | D:3      | Reached XP level 5. HP: 28/28 MP: 0/14
  2796 | D:3      | Reached skill level 5 in Spellcasting
  2822 | D:3      | Noticed Natasha
  2825 | D:3      | Killed Natasha
  2868 | D:3      | Found a faded altar of an unknown god.
  2988 | D:4      | Noticed Duvessa
  3073 | D:3      | Noticed Natasha
  3081 | D:3      | Killed Natasha
  3096 | D:3      | Noticed Grinder
  3371 | D:3      | Paralysed by Grinder for 5 turns
  3498 | D:4      | Reached skill level 1 in Translocations
  3498 | D:4      | Reached XP level 6. HP: 32/32 MP: 10/16
  3503 | D:4      | Noticed Dowan
  3561 | D:5      | Entered Level 5 of the Dungeon
  3578 | D:4      | Noticed Blork the orc
  3874 | D:4      | Noticed Sigmund
  3908 | D:5      | Found an opulent altar of Gozag.
  3985 | D:5      | Reached skill level 6 in Conjurations
  4223 | D:6      | Found a glowing drain.
  4242 | D:6      | Slain by a bullfrog

Levels and vault maps discovered:
D:1:      dpeg_arrival_water_altar, layout_loops_corners,
          chequers_serial_rivers_small_3
D:2:      layout_loops_ring
D:3:      layout_loops_ring, chequers_ecumenical_altar_simple, first_ration,
          gammafunk_ghost_nasty_kobolds, kennysheep_generic_room_10,
          uniq_natasha, uniq_grinder
D:4:      layout_layer_cave, uniq_blork_the_orc, uniq_duvessa, uniq_sigmund
D:5:      wander_guarded_unrand_ratskin, layout_basic, basic_altar
D:6:      layout_basic, grunt_temple_overflow_open,
          minmay_temple_entry_glassed_door, gup_sewer_entry_glass,
          hangedman_abyss_or_decor_lesser_grid

Skill      XL: |  1  2  3  4  5  6 |
---------------+-------------------+-----
Stealth        | 3 4 |  4.2
Dodging        | 3 4 |  4.0
Spellcasting   | 4 5 |  5.7
Conjurations   | 5 6 |  6.1
Translocations | 1 |  1.4

Action                   |  1- 3 |  4- 6 || total
-------------------------+-------+-------++-------
Melee: Dagger            |     5 |     7 ||    12
 Cast: Magic Dart        |    69 |   166 ||   235
  Use: Scroll            |     1 |     7 ||     8
  Eat: Chunk             |     2 |     6 ||     8
       Ration            |       |     1 ||     1
Armor: Robe              |     3 |       ||     3
       Leather armour    |       |    12 ||    12
Dodge: Dodged            |    20 |    38 ||    58

Table legend:
 A = Non-vault XP
 B = Vault XP
 C = Vault XP percentage of total XP
 D = Non-vault monster count
 E = Vault monster count
 F = Vault count percentage of total count
                 A         B        C        D         E       F
            +---------+---------+-------+---------+---------+-------
      Total |     537 |      36 |   6.3 |      90 |       1 |   1.1
            +---------+---------+-------+---------+---------+-------
        D:1 |      40 |       0 |   0.0 |      25 |       0 |   0.0
        D:2 |      97 |       0 |   0.0 |      31 |       0 |   0.0
        D:3 |     202 |      36 |  15.1 |      26 |       1 |   3.7
        D:4 |      47 |       0 |   0.0 |       4 |       0 |   0.0
        D:5 |     138 |       0 |   0.0 |       3 |       0 |   0.0
        D:6 |      13 |       0 |   0.0 |       1 |       0 |   0.0
            +---------+---------+-------+---------+---------+-------
